Match 38894560
Unlisted

Match 38894560
End
Panzerpioneer Squad
Kradschützen Motorcycle Team
250 Light Carrier
Construct Light Support Kompanie
Assault Grenadier Squad
Combat Half-tracks
Selects Armored Support Battlegroup
Selects Superior Fire Drills
Fire Support Elements
Panzerjäger Mechanized Group
Flakvierling Half-track
Vehicle Survival Package
Panzerjäger Squad
Assault Grenadier Squad
Selects Salvage Kits
Construct Panzerarmee Kommand
Armored Reserves
Assault Grenadier Squad
Selects Panzer Storm
Pak 38 Anti-tank Gun Team
Panzer IV Assault Group
Selects Stuka Anti-tank Loiter
Stuka Anti-tank Loiter
2.5-tonne Medical Truck
Pak 38 Anti-tank Gun Team
Turtleboy
Sir LoLzALot
Makak
GetSlaped
0
0

Comments sign in to comment!

No comments posted yet!